 Dungeon Crawl Stone Soup version 0.30-a0-457-g4b7bca3bfa (webtiles) character file.

Game seed: 11266852626576155576

228 ryw the Trooper (level 5, -7/64 HPs)
             Began as a Demonspawn Monk on Dec 14, 2022.
             Mangled by an ogre
             ... wielding a +0 giant club
              (15 damage)
             ... on level 4 of the Dungeon.
             The game lasted 00:04:29 (2737 turns).

ryw the Trooper (Demonspawn Monk)                   Turns: 2737, Time: 00:04:29

Health: -7/64      AC: 22    Str: 10 (13) XL:     5   Next: 70%
Magic:  5/5        EV:  2    Int: 10 (13) God:
Gold:   64         SH:  0    Dex: 15 (16) Spells: 4/4 levels left

rFire   . . .      SeeInvis .    q - +0 falchion
rCold   . . .      Faith    .    (no shield)
rNeg    . . .      Spirit   .    (body armour currently unavailable)
rPois   +          Reflect  .    (helmet currently unavailable)
rElec   .          Harm     .    (cloak currently unavailable)
rCorr   .          Rampage  .    (gloves currently unavailable)
Will    .....      NoTele   +    (boots currently unavailable)
Stlth   ++........               (no amulet)
HPRegen 0.30/turn                (no ring)
MPRegen 0.09/turn                (no ring)

@: tree-form (expiring)
A: stationary, stasis, torment immunity, boosted hp, (hooves 1), big brain 1
a: no special abilities


You were on level 4 of the Dungeon.
You were a tree.
You visited 1 branch of the dungeon, and saw 4 of its levels.

You collected 64 gold pieces.

Inventory:

Hand Weapons
 d - a +1 dagger of protection
 q - a +0 falchion (weapon)
Missiles
 b - 2 poisoned darts (quivered)
Armour
 a - a +0 robe (melded)
 c - an orb of energy
Scrolls
 e - a scroll of magic mapping {unknown}
 g - 2 scrolls of identify {unknown}
 i - a scroll of enchant armour {unknown}
 j - 2 scrolls of acquirement {unknown}
 k - a scroll of fear {unknown}
 l - a scroll of butterflies {unknown}
 m - 2 scrolls of immolation {unknown}
 p - 2 scrolls of teleportation {unknown}
 s - a scroll of fog {unknown}
Potions
 n - a potion of flight
 r - a potion of cancellation


   Skills:
 + Level 4.9 Fighting
 + Level 4.4 Dodging
 - Level 1.7 Stealth
 - Level 3.0 Unarmed Combat


You had 4 spell levels left.
You didn't know any spells.
Your spell library was empty.

Dungeon Overview and Level Annotations

Branches:
Dungeon (4/15)
 Temple: D:4-7

Altars:


Innate Abilities, Weirdness & Mutations

You are a tree.
Your roots penetrate the ground, keeping you stationary.
You cannot be teleported.
You are immune to unholy pain and torment.
Your maximum health is greatly increased.
Your equipment is partially melded.
((You have large cloven feet.))
You have an unusually large brain. (Int +2)


Message History

You closely miss the orc.
The orc is lightly wounded.
The orc hits you but does no damage.
You closely miss the orc.
The orc is lightly wounded.
The orc hits you but does no damage.
You slash the orc!
You kill the orc!
The orc priest hits you but does no damage.
You closely miss the orc priest.
The orc priest hits you but does no damage.
You closely miss the orc priest. The orc priest hits you with a +0 club.
* * * LOW HITPOINT WARNING * * *
You hit the orc priest.
The orc priest is moderately wounded.
The orc priest hits you but does no damage.
You hit the orc priest but do no damage.
The orc priest is moderately wounded.
The orc priest hits you but does no damage.
The orc priest hits you with a +0 club.
* * * LOW HITPOINT WARNING * * *
You hit the orc priest.
The orc priest is moderately wounded.
The orc priest hits you but does no damage.
You closely miss the orc priest.
The orc priest is moderately wounded.
The orc priest hits you but does no damage.
You hit the orc priest.
The orc priest is heavily wounded.
The orc priest hits you but does no damage. x2
You hit the orc priest.
The orc priest is severely wounded.
The orc priest hits you but does no damage.
You hit the orc priest.
You kill the orc priest!
Your transformation is almost over.
You hit the ogre.
The ogre is lightly wounded.
The ogre hits you with a +0 giant club!
You die...

##.###.# #...>.<#
##.##### #.# #.# #.#
#.# ########### #.#
#.))...O♣.####.#
......#######......#
.##.# ######## .. #


You could see an ogre.

Vanquished Creatures
  2 orc priests
  Jessica (D:2)
  An iguana (D:3)
  4 adders
  A dart slug (D:2)
  8 orcs
  A ball python (D:2)
  9 bats
  10 endoplasms
  A giant cockroach (D:3)
  6 goblins
  3 hobgoblins
  3 jackals (D:1)
  4 quokkas
  8 frilled lizards
  5 kobolds
  7 rats
74 creatures vanquished.

Notes
Turn   | Place    | Note
-------+----------+-------------------------------------------
     0 | D:1      | ryw the Demonspawn Monk began the quest for the Orb.
     0 | D:1      | Reached XP level 1. HP: 18/18 MP: 1/1
   165 | D:1      | Gained mutation: You have an unusually large brain. (Int
                  | +2) [demonic ancestry]
   165 | D:1      | Reached XP level 2. HP: 23/24 MP: 2/2
   554 | D:1      | Reached XP level 3. HP: 29/29 MP: 3/3
   920 | D:2      | Found a faded altar of an unknown god.
  1263 | D:2      | Reached XP level 4. HP: 37/37 MP: 4/4
  1314 | D:2      | Noticed Jessica
  1331 | D:2      | Killed Jessica
  1761 | D:3      | Gained mutation: You have large cloven feet. [demonic
                  | ancestry]
  1761 | D:3      | Reached XP level 5. HP: 41/43 MP: 5/5
  2697 | D:4      | Noticed an ogre
  2737 | D:4      | Mangled by an ogre

Illustrated notes

Levels and vault maps discovered:
D:1:      lordsloth_arrival_two_stooges, layout_rooms, nrook_loot_triangle,
          hex_medium
D:2:      layout_loops_cross, basic_ecumenical_altar, uniq_jessica
D:3:      layout_loops_corners, roderic_three_in_a_row
D:4:      layout_loops_cross, grunt_temple_overflow_diamond,
          mainiacjoe_overflow_two_lobes, uniq_edmund

Skill      XL: |  1  2  3  4 |
---------------+-------------+-----
Dodging        | 3 4 |  4.4
Unarmed Combat | 3 |  3.0
Fighting       | 4 |  4.9
Stealth        | |  1.7

Action                   |  1- 3 |  4- 6 || total
-------------------------+-------+-------++-------
Melee: Unarmed           |   218 |    76 ||   294
       Punch             |     2 |       ||     2
       Falchion          |       |    36 ||    36
       Kick              |       |    14 ||    14
Throw: Dart              |       |     7 ||     7
  Use: Potion            |     4 |     5 ||     9
 Stab: Distracted        |     1 |       ||     1
       Sleeping          |       |     4 ||     4
Armor: Robe              |    46 |    12 ||    58
       Skin              |    12 |    14 ||    26
Dodge: Dodged            |   187 |    69 ||   256

Table legend: (Time is in decaauts)
 A = Elapsed time spent in this place.
 B = Non-inter-level travel time spent in this place.
 C = Inter-level travel time spent in this place.
 D = Time resting spent in this place.
 E = Time spent auto-exploring this place.
 F = Levels seen in this place.
 G = Mean time per level.
                   A        B        C        D        E       F      G
               +--------+--------+--------+--------+--------+-----+--------+
         Total |   2729 |   2664 |     65 |    201 |   1752 |   4 |  682.2 |
       Dungeon |   2729 |   2664 |     65 |    201 |   1752 |   4 |  682.2 |
               +--------+--------+--------+--------+--------+-----+--------+

Top non-repeatable levels by time:
     D:3: 1108 daAuts
     D:2: 927 daAuts
     D:1: 619 daAuts
     D:4: 74 daAuts
